 Dungeon Crawl Stone Soup version 0.23.1 (webtiles) character file.

Game seed: 4490782367252337691

84 Lusmu the Skirmisher (level 4, 0/37 HPs)
             Began as a Human Wanderer on Mar 18, 2019.
             Slain by a bat (1 damage)
             ... on level 2 of the Dungeon.
             The game lasted 00:09:14 (2781 turns).

Lusmu the Skirmisher (Human Wanderer)               Turns: 2781, Time: 00:09:15

Health: 0/37       AC:  3    Str: 13    XL:     4   Next: 74%
Magic:  7/7        EV: 10    Int: 12    God:
Gold:   70         SH:  0    Dex: 13    Spells: 7/7 levels left

rFire    . . .     SeeInvis .   e - +0 dagger
rCold    . . .     Gourm    .   (no shield)
rNeg     . . .     Faith    .   i - +0 leather armour
rPois    .         Spirit   .   (no helmet)
rElec    .         Reflect  .   (no cloak)
rCorr    .         Harm     .   (no gloves)
MR       .....                  (no boots)
Stlth    ++........             (no amulet)
HPRegen  0.12/turn              (no ring)
MPRegen  0.10/turn              (no ring)

@: no status effects
A: no striking features
a: no special abilities


You were on level 2 of the Dungeon.
You were not hungry.

You visited 1 branch of the dungeon, and saw 2 of its levels.

You collected 70 gold pieces.

Inventory:

Hand Weapons
 e - a +0 dagger (weapon)
 q - a +0 shortbow
Missiles
 c - 34 arrows
 h - 53 poisoned needles
Armour
 i - a +0 leather armour (worn)
Jewellery
 l - an uncursed ring of ice
Scrolls
 b - a scroll of enchant weapon {unknown}
 n - a scroll of amnesia {unknown}
Potions
 g - a potion of heal wounds {unknown}
 j - a potion of haste
 k - a potion of degeneration {unknown}
 m - a potion of might {unknown}
Miscellaneous
 a - a box of beasts
Comestibles
 f - 6 rations


   Skills:
 + Level 3.8 Fighting
 + Level 1.3 Short Blades
   Level 1.0 Maces & Flails
 + Level 1.9 Bows
 - Level 1.0 Armour
 + Level 1.6 Stealth
   Level 1.0 Shields
 - Level 2.0 Spellcasting
   Level 1.0 Charms
 - Level 1.0 Evocations


You had 7 spell levels left.
You didn't know any spells.
Your spell library contained the following spells:

 Spells                   Type           Power        Failure   Level  Hunger
 Song of Slaying          Chrm           #.......     34%         2    ###....
 Shroud of Golubria       Chrm/Tloc      #.........   38%         2    ###....


Dungeon Overview and Level Annotations

Branches:
Dungeon (2/15)

Altars:


Message History

The kobold barely misses you.
You closely miss the kobold.
The kobold is moderately wounded.
The kobold hits you with a +0 dagger.
* * * LOW HITPOINT WARNING * * *
You hit the kobold.
The kobold is severely wounded.
You hit the kobold.
You kill the kobold!
The bat hits you.
* * * LOW HITPOINT WARNING * * *
The bat hits you.
* * * LOW HITPOINT WARNING * * *
The worm bites you!
* * * LOW HITPOINT WARNING * * *
There is an open door here.
Things that are here:
a +0 dagger; a rat corpse; a jackal corpse The bat hits you but does no damage.
The bat hits you.
You die...

#.# #.# ......#
#.# ......# #.#
......# #.#
.!....# #.#
.....!# #.#
......#
#######%##......#
........@bw.....+
####.#####......#
# ....... .#.....
$#.#.## .# # ..
.# . ..


You could see a worm and a bat.

Vanquished Creatures
  2 adders (D:2)
  An ooze (D:1)
  A worm (D:2)
  A leopard gecko (D:1)
  A ball python (D:1)
  2 giant cockroaches
  6 goblins
  7 hobgoblins
  7 jackals (D:2)
  7 kobolds
  A quokka (D:2)
  3 bats (D:1)
  2 frilled lizards (D:1)
  6 rats
47 creatures vanquished.

Vanquished Creatures (collateral kills)
  An adder (D:2)
  A worm (D:2)
  A dart slug (D:2)
  2 bats (D:2)
5 creatures vanquished.

Grand Total: 52 creatures vanquished

Notes
Turn   | Place    | Note
-------+----------+-------------------------------------------
     0 | D:1      | Lusmu the Human Wanderer began the quest for the Orb.
     0 | D:1      | Lusmu set off with the following items: a box of beasts, a
                  | +0 shortbow, 27 arrows, a +0 robe, a ration; and the
                  | following spells available to memorise: Song of Slaying,
                  | Shroud of Golubria
     0 | D:1      | Reached XP level 1. HP: 18/18 MP: 3/3
   438 | D:1      | Reached XP level 2. HP: 24/24 MP: 5/5
   447 | D:1      | Reached skill level 1 in Bows
   837 | D:1      | Reached XP level 3. HP: 13/29 MP: 6/6
  1283 | D:1      | Reached skill level 1 in Stealth
  1729 | D:2      | Reached skill level 1 in Short Blades
  1729 | D:2      | Reached XP level 4. HP: 33/37 MP: 7/7
  2780 | D:2      | HP: 1/37 [worm (8)]
  2781 | D:2      | Slain by a bat

Skill      XL: |  1  2  3 |
---------------+----------+-----
Bows           | 1 |  1.9
Stealth        | 1 |  1.6
Short Blades   | 1 |  1.3
Fighting       | |  3.8
Maces & Flails | |  1.0
Armour         | |  1.0
Shields        | |  1.0
Spellcasting   | |  2.0
Charms         | |  1.0
Evocations     | |  1.0

Action                   |  1- 3 |  4- 6 || total
-------------------------+-------+-------++-------
Melee: Dagger            |   125 |   133 ||   258
 Fire: Shortbow          |    42 |     7 ||    49
Evoke: Box of beasts     |     1 |       ||     1
  Use: Scroll            |     2 |       ||     2
       Potion            |       |     1 ||     1
 Stab: Sleeping          |     1 |       ||     1
  Eat: Chunk             |     2 |     4 ||     6
Armor: Robe              |     2 |       ||     2
       Leather armour    |    59 |    27 ||    86
Dodge: Dodged            |   103 |    84 ||   187
